 Dungeon Crawl Stone Soup version 0.29-a0-43-g62a80824bf (webtiles) character file.

Game seed: 8866380447264713648

73 HallandMoats the Skirmisher (level 4, 0/27 HPs)
             Began as an Octopode Fighter on Feb 3, 2022.
             Was a Follower of Hepliaklqana.
             Slain by a jackal (2 damage)
             ... on level 3 of the Dungeon.
             The game lasted 00:02:29 (2147 turns).

HallandMoats the Skirmisher (Octopode Fighter)      Turns: 2147, Time: 00:02:29

Health: 0/27       AC:  1    Str: 17    XL:     4   Next: 27%
Magic:  14/14      EV: 13    Int: 10    God:    Hepliaklqana [*.....]
Gold:   59         SH:  4    Dex: 11    Spells: 4/4 levels left

rFire   . . .      SeeInvis .   d - +0 spear
rCold   . . .      Faith    .   b - +0 buckler
rNeg    . . .      Spirit   .   (helmet restricted)
rPois   .          Reflect  .   (no amulet)
rElec   .          Harm     .   g - ring of magical power
rCorr   .          Rampage  .   (no ring)
Will    .....                   (no ring)
Stlth   ++........              (no ring)
HPRegen 0.09/turn               (no ring)
MPRegen 0.14/turn               (no ring)
                                (no ring)
                                (no ring)

@: no status effects
A: reduced essence, almost no armour, amphibious, 8 rings, camouflage 1,
gelatinous body 1, (nimble swimmer 1), tentacles
a: Renounce Religion, Recall Ancestor, Ancestor Identity


You were on level 3 of the Dungeon.
You worshipped Hepliaklqana.
Hepliaklqana was aware of your devotion.
You visited 1 branch of the dungeon, and saw 3 of its levels.

You collected 59 gold pieces.

Inventory:

Hand Weapons
 d - a +0 spear (weapon)
Armour
 b - a +0 buckler (worn)
Jewellery
 g - a ring of magical power (left tentacle)
Wands
 k - a wand of polymorph (12)
Scrolls
 f - a scroll of summoning {unknown}
 h - 2 scrolls of identify {unknown}
 i - a scroll of fog {unknown}
Potions
 a - a potion of attraction {unknown}
 c - a potion of might
 e - a potion of curing {unknown}
 j - 2 potions of haste {unknown}


   Skills:
 * Level 3.5 Fighting
 * Level 2.3 Polearms
 + Level 3.2 Dodging
 + Level 3.1 Shields
 + Level 0.5 Spellcasting
 + Level 0.7 Transmutations
 + Level 0.9 Earth Magic
 * Level 1.6 Invocations


You had 4 spell levels left.
You didn't know any spells.
Your spell library was empty.

Dungeon Overview and Level Annotations

Branches:
Dungeon (3/15)

Altars:
Hepliaklqana

Shops:
D:2 (


Innate Abilities, Weirdness & Mutations

Your life essence is reduced to manifest your ancestor. (-10% HP)
You cannot wear most types of armour.
You are amphibious.
You can wear up to eight rings at the same time.
Your skin changes colour to match your surroundings (Stealth+).
Your rubbery body absorbs attacks. (AC +1, EV +1)
((You are camouflaged when in or above water. (Stealth+)))
You have tentacles for arms and can constrict up to eight enemies at once.


Message History

The quokka is moderately wounded.
You constrict the quokka. The jackal bites you. x2
The endoplasm barely misses you.
Octokuro hits the quokka.
You block the quokka's attack. You block the jackal's attack.
You hit the quokka.
You kill the quokka!
The endoplasm closely misses you. The jackal misses you. x2
You hit the endoplasm. You squeeze the endoplasm.
You kill the endoplasm!
The jackal closely misses you. You block the jackal's attack.
The jackal bites you.
Octokuro barely misses the jackal.
Unknown command.
You are too injured to fight recklessly!
Unknown command.
You are too injured to fight recklessly!
Unknown command.
You are too injured to fight recklessly!
Unknown command.
You are too injured to fight recklessly!
Unknown command.
You are too injured to fight recklessly!
You hit the jackal. You grab the jackal. You squeeze the jackal.
You kill the jackal!
The jackal bites you. x2; Octokuro hits the jackal.
You block the jackal's attack.
You swing at nothing.
The jackal closely misses you. You block the jackal's attack.
The jackal bites you.
* * * LOW HITPOINT WARNING * * *
Octokuro hits the jackal.
You closely miss the jackal. Your grab misses the jackal.
The jackal is severely wounded.
The jackal misses you. The jackal bites you.
* * * LOW HITPOINT WARNING * * *
Octokuro hits the jackal.
The jackal dies!
You barely miss the jackal. Your grab misses the jackal. The jackal bites you.
* * * LOW HITPOINT WARNING * * *
The jackal misses you.
You barely miss the jackal. Your grab misses the jackal. The jackal bites you.
You die...

.#..#...# #..#....
######## #.#..##
#.....##.##....#
#.###.##.......# #.#
#.#####....## #.# #.#
#....... ###+####'###.#
#....... .......@..##.#
#....... ......hR†.##.#
#....>..
..........##.####.....†.
..........##....'.......
..........#######.......
..........# #.......
..........# #.......
........... ##.......
#........


You could see the friendly Octokuro the ancestor and a jackal (ally target).

Vanquished Creatures
  2 adders (D:2)
  7 endoplasms
  A giant cockroach (D:2)
  6 goblins (D:2)
  6 hobgoblins
  6 jackals
  2 quokkas
  4 ball pythons
  5 bats
  A frilled lizard (D:2)
  6 kobolds
  5 rats
51 creatures vanquished.

Vanquished Creatures (collateral kills)
  A jackal (D:3)
1 creature vanquished.

Vanquished Creatures (others)
  2 fungi (D:2)
  5 plants (D:2)
7 creatures vanquished.

Grand Total: 59 creatures vanquished

Notes
Turn   | Place    | Note
-------+----------+-------------------------------------------
     0 | D:1      | HallandMoats the Octopode Fighter began the quest for the
                  | Orb.
     0 | D:1      | Reached XP level 1. HP: 16/16 MP: 1/1
   270 | D:1      | Reached XP level 2. HP: 21/21 MP: 2/2
   816 | D:2      | Found Nappep's Weapon Boutique.
   943 | D:2      | Reached skill level 1 in Invocations
   949 | D:2      | Reached XP level 3. HP: 26/26 MP: 3/3
  1664 | D:2      | Found a faded altar of an unknown god.
  1681 | D:2      | Reached XP level 4. HP: 28/31 MP: 5/5
  1712 | D:2      | Prayed at the altar of an unknown god.
  1712 | D:2      | Became a worshipper of Hepliaklqana the Forgotten
  1712 | D:2      | Reached * piety under Hepliaklqana
  2147 | D:3      | Slain by a jackal

Illustrated notes

Levels and vault maps discovered:
D:1:      eino_arrival_water_cross, layout_rooms, minmay_strange_pillars
D:2:      layout_basic, serial_shops, shop, dreamdust_ecumenical_altar_grove
D:3:      layout_basic

Skill      XL: |  1  2 |
---------------+-------+-----
Invocations    | 1 |  1.6
Fighting       | |  3.5
Polearms       | |  2.3
Dodging        | |  3.2
Shields        | |  3.1
Spellcasting   | |  0.5
Transmutations | |  0.7
Earth Magic    | |  0.9

Action                   |  1- 3 |  4- 6 || total
-------------------------+-------+-------++-------
Melee: Spear             |    97 |    32 ||   129
       Constrict         |    22 |     6 ||    28
       Tentacles         |    11 |     3 ||    14
       Punch             |     2 |       ||     2
Invok: Ancestor Identity |       |     1 ||     1
 Stab: Sleeping          |     9 |     1 ||    10
       Distracted        |       |     1 ||     1
Armor: Skin              |     1 |     1 ||     2
Dodge: Dodged            |    43 |    14 ||    57
Block: Buckler           |    12 |     9 ||    21

Table legend: (Time is in decaauts)
 A = Elapsed time spent in this place.
 B = Non-inter-level travel time spent in this place.
 C = Inter-level travel time spent in this place.
 D = Time resting spent in this place.
 E = Time spent auto-exploring this place.
 F = Levels seen in this place.
 G = Mean time per level.
                   A        B        C        D        E       F      G
               +--------+--------+--------+--------+--------+-----+--------+
         Total |   2149 |   2106 |     43 |      0 |   1817 |   3 |  716.3 |
       Dungeon |   2149 |   2106 |     43 |      0 |   1817 |   3 |  716.3 |
               +--------+--------+--------+--------+--------+-----+--------+

Top non-repeatable levels by time:
     D:2: 1147 daAuts
     D:1: 806 daAuts
     D:3: 195 daAuts
